 Dungeon Crawl Stone Soup version 0.26-a0-450-ge645bd1 (webtiles) character file.

Game seed: 17199477808749461597

0 Ayyar the Firebug (level 1, 13/13 HPs)
             Began as a Palentonga Fire Elementalist on July 26, 2020.
             Got out of the dungeon alive.
             The game lasted 00:02:04 (96 turns).

Ayyar the Firebug (Palentonga Fire Elementalist)      Turns: 96, Time: 00:02:04

Health: 13/13      AC:  4    Str: 11    XL:     1   Next: 8%
Magic:  3/3        EV: 10    Int: 15    God:
Gold:   10         SH:  0    Dex: 10    Spells: 3/4 levels left

rFire    . . .     SeeInvis +   (no weapon)
rCold    . . .     Faith    .   (no shield)
rNeg     . . .     Spirit   .   a - +0 robe
rPois    .         Reflect  .   (no helmet)
rElec    .         Harm     .   (no cloak)
rCorr    .                      (no gloves)
MR       .....                  (boots restricted)
Stlth    +.........             (no amulet)
HPRegen  0.04/turn              (no ring)
MPRegen  0.08/turn              (no ring)

@: no status effects
A: large, rugged brown scales 3, see invisible, deformed body, roll, armoured
tail
a: Rolling Charge


You escaped.
You visited 1 branch of the dungeon, and saw 1 of its levels.

You collected 10 gold pieces.

Inventory:

Missiles
 b - 12 poisoned darts (quivered)
Armour
 a - a +0 robe (worn)


   Skills:
 + Level 1.5 Dodging
 + Level 1.2 Stealth
 + Level 2.0 Spellcasting
 + Level 0.8 Conjurations
 + Level 2.4 Fire Magic


You had 3 spell levels left.
You knew the following spells:

 Your Spells              Type           Power        Failure   Level
a - Foxfire               Conj/Fire      #...         12%         1

Your spell library contained the following spells:

 Spells                   Type           Power        Failure   Level
 Conjure Flame            Conj/Fire      #.......     34%         3
 Inner Flame              Hex/Fire       #.......     38%         3
 Sticky Flame             Conj/Fire      #.......     75%         4
 Fireball                 Conj/Fire      #.........   97%         5


Dungeon Overview and Level Annotations

Branches:
Dungeon (1/15)

Altars:


Innate Abilities, Weirdness & Mutations

You are completely covered in rugged brown scales. (AC +3, +7% HP)
You have supernaturally acute eyesight. (SInv)
Armour fits poorly on your strangely shaped body.
You can roll at foes to attack.
You have a long armoured tail.


Message History

The frilled lizard is moderately wounded.
The frilled lizard misses you.
You hit the frilled lizard.
The frilled lizard is severely wounded.
The frilled lizard closely misses you.
You barely miss the frilled lizard. You tail-slap the frilled lizard.
You kill the frilled lizard!
No target in view!
Unknown command.
There is an open door here.
The vine stalker shouts!
The felid hisses angrily.
The naga shouts!
The spriggan shouts!
The dwarf shouts!
There is an open door here.
There is a staircase leading out of the dungeon here.
You can't go down here!
Are you sure you want to leave the Dungeon?
This will make you lose the game!
You have escaped!

###.###
#i#.#M#
###.###
#a#.#K#
###.###
#n#.#g#
###'###
#...#
#.@.#
#####


There were no monsters in sight!

Vanquished Creatures
  A frilled lizard (D:1)
1 creature vanquished.

Notes
Turn   | Place    | Note
-------+----------+-------------------------------------------
     0 | D:1      | Ayyar the Palentonga Fire Elementalist began the quest for
                  | the Orb.
     0 | D:1      | Reached XP level 1. HP: 13/13 MP: 3/3
     2 | D:1      | Noticed a ghoul
     2 | D:1      | Noticed a dwarf
     5 | D:1      | Noticed a formicid
     7 | D:1      | Noticed a spriggan
     9 | D:1      | Noticed a vampire
     9 | D:1      | Noticed an elf
    11 | D:1      | Noticed an ogre
    11 | D:1      | Noticed a naga
    13 | D:1      | Noticed a demonspawn
    13 | D:1      | Noticed a tengu
    15 | D:1      | Noticed a halfling
    17 | D:1      | Noticed an octopode
    17 | D:1      | Noticed a draconian
    19 | D:1      | Noticed a gargoyle
    19 | D:1      | Noticed a troll
    21 | D:1      | Noticed a human
    21 | D:1      | Noticed a merfolk
    23 | D:1      | Noticed a minotaur
    23 | D:1      | Noticed a felid
    25 | D:1      | Noticed a vine stalker
    25 | D:1      | Noticed a demigod
    27 | D:1      | Noticed a centaur
    96 | D:$      | Got out of the dungeon alive.

Illustrated notes

Levels and vault maps discovered:
D:1:      kb_arrival_jail, layout_loops_ring, corexii_hall_statues_l

Action                   || total
-------------------------++-------
Melee: Unarmed           ||     8
       Tailslap          ||     1
Armor: Robe              ||     3
Dodge: Dodged            ||     4

Table legend: (Time is in decaauts)
 A = Elapsed time spent in this place.
 B = Non-inter-level travel time spent in this place.
 C = Inter-level travel time spent in this place.
 D = Time resting spent in this place.
 E = Time spent auto-exploring this place.
 F = Levels seen in this place.
 G = Mean time per level.
                   A        B        C        D        E       F      G
               +--------+--------+--------+--------+--------+-----+--------+
         Total |     96 |     81 |     15 |      0 |     40 |   1 |   96.0 |
       Dungeon |     96 |     81 |     15 |      0 |     40 |   1 |   96.0 |
               +--------+--------+--------+--------+--------+-----+--------+

Top non-repeatable levels by time:
     D:1: 96 daAuts
